← All builds
Geo sea / Cortex / Economy first / OBSERVED BUILD

Standard geo sea

Cortex Geo sea build order · Supreme Isthmus

The role's default economy-first play: bot lab then shipyard in the cove, quick frigate/submarine/destroyer navy to contest sea and hold the coast, transitioning into whatever the sea fight needs.

Usually shipyard in the cove (98%)

#naval #eco · 976 distinct matches · 100 players · 83% of Cortex Geo sea games · team won 52% of 1095 · Recently observed

HOW TO PLAY IT

Key timing: Shipyard by 3:18

  1. Open 3 mex, wind and solar, then Bot Lab.
  2. Get a BP and costal torpedo launcher up before the Shipyard.
  3. Put up Shipyard once you can defend it.
  4. Push out "submarine" and "frigate" to contest the sea.
  5. Add geothermal to fund the fleet transition into "destroyer", "missile corvette".

Phase by phase

TYPICAL OF ITS 976 GAMES
  1. 1
  2. 2
  3. 3
  4. 4
PLAY THE OPENING

Follow the example game's first 6:00 step by step: what to build now, what comes next, and where it goes. At 1× it keeps pace with your own game.

  1. 1

    Up to the Bot Lab

    Economy
    • Metal Extractor3Mex
    • Wind Turbine3Wind
    Order
    1. Bot LabBot Lab after 3 mex, 3 winddone ~1:12, middle half 1:06–1:26

    Some games also: wind for allies (49%)

    By 0:55 in all: 3 mex · 3 wind

    The example game in this phase · 5 steps
    1. Mex ×2
    2. Solar
    3. Mex
    4. Wind ×2for Air
    5. Bot LabBot Labdone 1:07 · typical 1:12
  2. 2

    Bot Lab to Shipyard

    Economy
    • Metal Extractor1Mex
    • Wind Turbine2Wind
    Order
    1. ShipyardShipyard after 4 mex, 5 wind, 1 energy storagedone ~3:17, middle half 3:02–3:33
    Builders
    • Construction Bot3 Con bot
    • Graverobber2 Graverobber
    Army
    • Grunt1 Grunt

    Some games also: con turret (46%) · trasher (39%) · energy storage (34%) · wind for allies (32%)

    By 2:51 in all: 4 mex · 5 wind

    The example game in this phase · 8 steps
    1. Wind
    2. GraverobberGraverobber
    3. Construction BotCon bot
    4. Wind ×2
    5. Construction BotCon bot ×2
    6. Energy storage
    7. GraverobberGraverobber ×2
    8. ShipyardShipyarddone 2:52 · typical 3:17
  3. 3

    Shipyard to 5:00

    Economy
    • Metal Extractor4Mex
    Builders
    • Construction Ship1 Con ship
    Army
    • Riptide2 Frigate
    • Orca1 Submarine
    Other
    • Radar Tower1 Radar Tower

    Some games also: Guard (49%) · wind (48%) · missile corvette (48%) · destroyer (46%) · gunboat (40%)

    By 5:00 in all: 8 mex · 6 wind · 1 energy storage · 1 con turret

    The example game in this phase · 23 steps
    1. Construction ShipCon ship
    2. Mex
    3. SupporterGunboat
    4. Mex
    5. SupporterGunboat
    6. Con turret
    7. SupporterGunboat ×2
    8. Mex
    9. SupporterGunboat
    10. Mex
    11. Converter
    12. OrcaSubmarinedone 4:19 · typical 4:19
    13. Converter
    14. Mex ×2
    15. Radar TowerRadar Tower
    16. Converter
    17. RiptideFrigatedone 4:42 · typical 4:35
    18. ThistleThistle
    19. Converter
    20. Mex
    21. RiptideFrigate
    22. ThistleThistle
    23. Wind ×2
  4. 4

    5:00 to 10:00

    Economy
    • Metal Extractor2Mex
    • Wind Turbine8Wind
    • Energy Converter1Converter
    Builders
    • Construction Turret1 Con turret
    • Death Cavalry2 Death Cavalry
    • Construction Ship1 Con ship
    Army
    • Guard2 Guard
    • Riptide5 Frigate
    • Oppressor2 Destroyer
    Other
    • Naval Radar / Sonar Tower2 Naval Radar / Sonar Tower

    Some games also: geo (47%) · Thistle (40%) · submarine (34%)

    By 10:00 in all: 10 mex · 15 wind · 1 geo · 4 converter · 1 energy storage · 2 con turret

    The example game in this phase · 65 steps
    1. Wind
    2. HerringMissile corvette
    3. Wind
    4. OppressorDestroyerdone 6:05 · typical 5:52
    5. Wind
    6. GuardGuard ×2
    7. Wind
    8. Death CavalryDeath Cavalry
    9. Wind
    10. GuardGuard
    11. RiptideFrigate
    12. Wind
    13. GuardGuard
    14. RiptideFrigate
    15. HerringMissile corvette
    16. GuardGuard
    17. OppressorDestroyer
    18. Radar TowerRadar Tower
    19. Geothermal PowerplantGeodone 10:40 · typical 7:59
    20. ThistleThistle
    21. Construction ShipCon ship
    22. GuardGuard
    23. Death CavalryDeath Cavalry
    24. GuardGuard
    25. RiptideFrigate ×2
    26. HerringMissile corvette
    27. OppressorDestroyer
    28. Construction ShipCon ship
    29. Death CavalryDeath Cavalry
    30. RiptideFrigate
    31. Radar TowerRadar Tower
    32. RiptideFrigate
    33. OppressorDestroyer
    34. GuardGuard
    35. Advanced Metal ExtractorT2 mexdone 12:23 · typical 9:22
    36. Naval Construction Turret
    37. ThistleThistle
    38. HerringMissile corvette
    39. Naval Construction Turret
    40. ThistleThistle
    41. RiptideFrigate
    42. ShipyardShipyarddone 12:40
    43. Advanced Metal ExtractorT2 mex
    44. Construction ShipCon ship
    45. Naval Construction Turret
    46. Construction ShipCon ship
    47. RiptideFrigate
    48. Wind
    49. Con turret
    50. RiptideFrigate
    51. Advanced Metal ExtractorT2 mex
    52. Wind
    53. Con turret
    54. OppressorDestroyer
    55. Con turret
    56. Wind
    57. Mex
    58. Wind ×4
    59. HerringMissile corvette
    60. Wind ×2
    61. RiptideFrigate
    62. Wind
    63. RiptideFrigate
    64. Wind ×3
    65. OppressorDestroyer

Counts are medians over the build's games: half of them build more, half fewer. The example game is Elpoloow's (36 OS, 26/08/2026); pick another.

Team trades

IN AT LEAST 30% OF ITS GAMES

You hand over

  • Wind Turbine2 Wind to Airfirst at 1:48 · in 72% of games

You get

  • Finch1 Finch from Airfirst at 1:51 · in 83% of games
  • Hercules1 Light transport from Airfirst at 2:00 · in 75% of games
  • Advanced Construction Bot1 T2 con bot from Techfirst at 7:44 · in 89% of games

How it plays out

Typical game of this build, running totals by minute

Metal produced

010k20k30k
0:005:0010:0015:00

metal

Enemy metal destroyed

05k10k
0:005:0010:0015:00

metal

Own metal lost

02.5k5k7.5k
0:005:0010:0015:00

metal

1095 games.

Show as table
ByMetal produced: This buildEnemy metal destroyed: This buildOwn metal lost: This build
1:0039700
2:0092800
3:00156700
4:002900051
5:00410813052
6:005463440241
7:006945930551
8:0086091570904
9:001049124521351
10:001261236252061
11:001521948812901
12:001812163983761
13:002141473934451
14:002501686485371
15:002879197536300
WHAT THE NUMBERS SAY

Standard Cortex geo sea sits at an even 50% win rate, trading a slower start for a big resource lead by 15:00.

  • + Metal produced hits 28451 by 15:00, well above both front roles
  • + Own metal lost stays far below enemy metal destroyed at every checkpoint
  • − Only 50% team win rate, the lowest of these six builds
  • − T2 factory only completes in 40% of games by 12:53
THE EXAMPLE YOU ARE READING

Elpoloow

35.9 OS · 26/08/2026

Open source match ↗

5 received units · includes a constructor
711 metal received · 31158 energy received

Allied construction assistance is unknown. Timings are observations, not a promise of solo reproducibility.

Typical milestones

Bot Lab1:12Middle 50%: 1:06–1:26 · n=1084
Shipyard3:17Middle 50%: 3:02–3:33 · n=1089
Orca4:19Middle 50%: 3:54–5:00 · n=754
Riptide4:35Middle 50%: 4:08–5:20 · n=1063
Oppressor5:52Middle 50%: 5:08–6:35 · n=991
Geothermal Powerplant7:59Middle 50%: 7:01–9:00 · n=654
Advanced Metal Extractor9:22Middle 50%: 8:45–10:10 · n=940

Played most by

sirniho122games of this buildSHOGVN92games of this buildOptimusprimenutt84games of this buildPRO_Rerory47games of this buildhihimik41games of this build